 Dungeon Crawl Stone Soup version 0.17-a0-1485-g22cb0ee (webtiles) character file.

1913 Fizybubbleh the Fighter (level 8, 0/69 HPs)
             Began as a Demonspawn Necromancer on July 5, 2015.
             Was a Follower of Ru.
             Slain by a killer bee (6 damage)
             ... on level 7 of the Dungeon.
             The game lasted 00:43:18 (10559 turns).

Fizybubbleh the Fighter (Demonspawn Necromancer)   Turns: 10559, Time: 00:43:18

Health: 0/69       AC:  2    Str:  8    XL:     8   Next: 95%
Magic:  0/14       EV: 14    Int: 18    God:    Ru [*.....]
Gold:   393        SH:  0    Dex: 15    Spells: 5 memorised, 2 levels left

rFire  . . .     SeeInvis .     j - +0 spear
rCold  . . .     Clarity  .     a - +0 robe
rNeg   . . .     SustAt   .     (no shield)
rPois  .         Gourm    .     (helmet restricted)
rElec  .         Spirit   .     (no cloak)
rCorr  .         Warding  .     (no gloves)
rMut   .         Stasis   .     (no boots)
MR     .....                    (no amulet)
Stlth  ++........               (no ring)
                                (no ring)

@: lethally poisoned (0 -> -30), not resistant to hostile enchantments,
unstealthy
A: antennae 1, repulsion field 1, foul stench 1, powered by death 1, rot
immunity, inability to train armour
a: Renounce Religion


You were on level 7 of the Dungeon.
You worshipped Ru.
Ru was aware of your devotion.
You were not hungry.

You visited 2 branches of the dungeon, and saw 9 of its levels.

You collected 393 gold pieces.

Inventory:

Hand weapons
 e - a +0 club
 g - a +2 dagger of venom
 j - a +0 spear (weapon)
Missiles
 n - 200 stones (quivered)
 y - 3 throwing nets
 H - 12 curare-tipped needles
Armour
 a - a +0 robe (worn)
 q - a +0 cloak
Magical staves
 E - an uncursed staff of wizardry
Jewellery
 m - a +4 ring of intelligence {unknown}
 u - an uncursed ring of protection from fire {unknown}
Magical devices
 r - a wand of slowing (30)
 C - a wand of digging (11)
 D - a wand of flame (31)
 F - a wand of frost (26)
 I - a wand of fire (6)
Scrolls
 d - a scroll of recharging
 f - a scroll of fog {unknown}
 h - a scroll of magic mapping
 i - 2 scrolls of teleportation
 o - 3 scrolls of fear {unknown}
 p - 2 scrolls of enchant weapon {unknown}
 B - a scroll of immolation {unknown}
 G - a scroll of remove curse {unknown}
Potions
 k - 2 potions of invisibility
 t - a potion of might {unknown}
 v - a potion of ambrosia
 x - a potion of berserk rage
 z - a potion of lignification
 J - 2 potions of haste {unknown}
Books
 b - a book of Necromancy

   Spells                             Type                      Level
   a - Pain                           Necromancy                   1
   b - Animate Skeleton               Necromancy                   1
   c - Vampiric Draining              Necromancy                   3
   d - Regeneration                   Charms/Necromancy            3
   e - Animate Dead                   Necromancy                   4
   f - Control Undead                 Necromancy                   4
 A - a book of Cantrips

   Spells                             Type                      Level
   a - Corona                         Hexes                        1
   b - Animate Skeleton               Necromancy                   1
   c - Summon Small Mammal            Summoning                    1
   d - Apportation                    Translocation                1
Comestibles
 c - 5 bread rations
 l - 5 fruits
 s - 4 meat rations
 K - 2 chunks of flesh


   Skills:
 - Level 8.6 Fighting
 - Level 1.7 Dodging
 - Level 1.7 Stealth
 - Level 4.0 Spellcasting
 + Level 8.6 Necromancy


You had 2 spell levels left.
You knew the following spells:

 Your Spells              Type           Power        Failure   Level  Hunger
a - Pain                  Necr           ####         1%          1    None
b - Animate Skeleton      Necr           N/A          1%          1    None
c - Vampiric Draining     Necr           ####......   1%          3    ###....
d - Animate Dead          Necr           N/A          4%          4    ####...
e - Control Undead        Necr           ####......   4%          4    ####...


Dungeon Overview and Level Annotations

Branches:
Dungeon (8/15)             Temple (1/1) D:6            Lair (0/8) D:8

Altars:
Ashenzari
Cheibriados
Dithmenos
Elyvilon
Fedhas
Kikubaaqudgha
Makhleb
Nemelex Xobeh
Qazlal
Ru
Sif Muna
Trog
Vehumet
Xom
The Shining One

Annotations:
D:1 1 runed door
D:4 exclusion: downstairs, Eustachio
D:5 exclusion: moth of wrath, Duvessa


Innate Abilities, Weirdness & Mutations

You have a pair of small antennae on your head.
You are surrounded by a mild repulsion field (EV +2).
You may emit foul miasma when damaged in melee.
You regenerate a little health from kills.
You are immune to rotting.
You cannot train Armour skill.


Message History

* * * LOW HITPOINT WARNING * * *
You feel sick. The killer bee barely misses you.
The killer bee barely misses you.
You take 1 damage, and have 14/69 hp.
You completely miss the killer bee.
* * * LOW HITPOINT WARNING * * *
You feel sick. The killer bee stings you.
* * * LOW HITPOINT WARNING * * *
You are more poisoned.
The killer bee poisons you! The killer bee stings you.
* * * LOW HITPOINT WARNING * * *
You are more poisoned.
The killer bee poisons you!
You take 8 damage, and have 6/69 hp.
Aim: a killer bee (moderately wounded, sick)
You feel life coursing into your body.
* * * LOW HITPOINT WARNING * * *
You feel very sick. The killer bee closely misses you.
The killer bee stings you.
You die...

.#.........≈#≈..§≈⌠#.......##
.#.........≈#§.§§§##....##..#
##....#####§#≈§≈≈≈##..#####.##
...#....# #§##§#⌠###### ##.#
...##.#####≈≈##### ###
...##.#..........#
................## #######
................## ###.....#
......########.y@#
#####......## ...####
##..###.........## .##.#
#............#### #####
##..........###.# ##
#..........##.## .##
###.........##.## ..###
##..........##..# ÷...###
##....##........## #.....##
###....###.....##..##


You could see a killer bee.

Vanquished Creatures
  Edmund (D:5)
  An ice beast (D:5)
  3 centaurs
  A sky beast (D:4)
  A necrophage (D:7)
  Blork the orc (D:6)
  5 giant frogs
  A water moccasin zombie (D:6)
  4 scorpions
  3 killer bees (D:8)
  2 orc priests
  A hound (D:3)
  A jelly (D:7)
  3 orc wizards (D:5)
  A wasp zombie (D:8)
  An iguana (D:7)
  A worker ant (D:6)
  A hound skeleton (D:5)
  7 gnolls
  8 adders
  A shadow imp (D:6)
  An adder skeleton (D:7)
  An adder zombie (D:5)
  6 worms
  4 giant geckos
  18 orcs
  2 ball pythons
  A bat skeleton (D:4)
  3 giant cockroaches
  12 hobgoblins
  15 jackals
  13 kobolds
  3 quokkas
  11 bats
  A giant gecko zombie (D:6)
  5 giant newts
  12 goblins
  A quokka skeleton (D:4)
  9 rats
166 creatures vanquished.

Vanquished Creatures (collateral kills)
  A crimson imp (D:5)
  A hound (D:8)
  3 orcs
  A hobgoblin (D:7)
  2 kobolds (D:7)
  A quokka (D:5)
  A rat (D:5)
10 creatures vanquished.

Vanquished Creatures (others)
  A rat (D:2)
1 creature vanquished.

Grand Total: 177 creatures vanquished

Notes
Turn   | Place    | Note
--------------------------------------------------------------
     0 | D:1      | Fizybubbleh the Demonspawn Necromancer began the quest for the Orb.
     0 | D:1      | Reached XP level 1. HP: 13/13 MP: 3/3
     3 | D:1      | Found a runed door.
   555 | D:1      | Gained mutation: You regenerate a little health from kills. [demonic ancestry]
   555 | D:1      | Reached XP level 2. HP: 14/19 MP: 0/5
  1002 | D:2      | Reached skill level 5 in Necromancy
  1008 | D:2      | Learned a level 1 spell: Animate Skeleton
  1330 | D:2      | Gained mutation: You are immune to rotting. [demonic ancestry]
  1330 | D:2      | Reached XP level 3. HP: 21/24 MP: 2/6
  1347 | D:2      | Learned a level 3 spell: Vampiric Draining
  1468 | D:2      | Found a white marble altar of Elyvilon.
  1771 | D:2      | Found a radiant altar of Vehumet.
  2090 | D:3      | Reached skill level 6 in Necromancy
  2191 | D:3      | Gained mutation: You may emit foul miasma when damaged in melee. [demonic ancestry]
  2191 | D:3      | Reached XP level 4. HP: 18/30 MP: 0/7
  2881 | D:3      | Reached skill level 7 in Necromancy
  2881 | D:3      | Gained mutation: You have a pair of small antennae on your head. [demonic ancestry]
  2881 | D:3      | Reached XP level 5. HP: 30/35 MP: 1/8
  3680 | D:4      | Noticed Eustachio
  3852 | D:4      | Found a shimmering altar of Xom.
  4092 | D:4      | Noticed a sky beast
  4100 | D:4      | Killed a sky beast
  4100 | D:4      | Reached XP level 6. HP: 35/41 MP: 2/10
  4359 | D:5      | Entered Level 5 of the Dungeon
  4862 | D:5      | Found a stormy altar of Qazlal.
  4941 | D:5      | Noticed a moth of wrath
  4944 | D:5      | Found a bloodstained altar of Trog.
  4965 | D:5      | Learned a level 4 spell: Animate Dead
  4970 | D:5      | Learned a level 4 spell: Control Undead
  4972 | D:5      | Noticed Edmund
  5108 | D:5      | Gained mutation: You are surrounded by a mild repulsion field (EV +2). [demonic ancestry]
  5108 | D:5      | Reached XP level 7. HP: 30/50 MP: 1/13
  5786 | D:5      | Noticed Duvessa
  6248 | D:5      | Killed Edmund
  6465 | D:5      | Reached skill level 5 in Fighting
  6836 | D:6      | Found a snail-covered altar of Cheibriados.
  6982 | D:6      | Reached XP level 8. HP: 52/64 MP: 5/14
  7265 | D:6      | Found a staircase to the Ecumenical Temple.
  7274 | Temple   | Entered the Ecumenical Temple
  7377 | Temple   | Became a worshipper of Ru the Awakened
  7448 | D:6      | Noticed Blork the orc
  7463 | D:6      | Kolbur: hey
  7600 | D:6      | Fizybubbleh: hey hey
  7600 | D:6      | Kolbur: last dude died?
  7600 | D:6      | Fizybubbleh: i died cause im horrible
  7600 | D:6      | Fizybubbleh: sigh
  7600 | D:6      | Kolbur: rip
  7600 | D:6      | Kolbur: you played well
  7600 | D:6      | Kolbur: just panicked a bit in tight situations
  7780 | D:6      | Found an ancient bone altar of Kikubaaqudgha.
  7781 | D:6      | Found a shattered altar of Ashenzari.
  8543 | D:6      | Killed Blork the orc
  8798 | D:7      | Found a burning altar of Makhleb.
  9366 | D:7      | Reached skill level 8 in Fighting
  9563 | D:7      | Gained mutation: You cannot train Armour skill. [Ru sacrifice]
  9563 | D:7      | Acquired Ru's first power
  9900 | D:7      | Found a deep blue altar of Sif Muna.
 10368 | D:8      | Found a staircase to the Lair.
 10559 | D:7      | Slain by a killer bee

Vault maps used:
D:1:      dpeg_arrival_caged_fury, serial_bayou_pond_c
D:2:      elyvilon_altar_3, fiery_altar_vehumet, first_bread
D:4:      hangedman_abyss_or_decor_stabs, lemuel_tele_altar, uniq_eustachio
D:5:      lemuel_crystal_altar, tgw_trog, uniq_duvessa, uniq_edmund
D:6:      gammafunk_temple_overflow_statue, cheibriados_altar_wand_db,
          temple_green, uniq_blork_the_orc
D:7:      mumra_celtic_spiral_tile, kennysheep_mini_moat, lightli_temple_of_fire
D:8:      grunt_temple_overflow_gold_and_silver, overflow_temple_1_default,
          yredelemnul_forgotten_temple_becter, lair_0_dummy, david_nohive_1
Temple:   circular_temple_6

Action                   |  1- 3 |  4- 6 |  7- 9 || total
-------------------------+-------+-------+-------++-------
Melee: Club              |     4 |       |       ||     4
       Spear             |    39 |    58 |   111 ||   208
       Dagger            |       |       |    38 ||    38
       Staff             |       |       |     2 ||     2
Throw: Stone             |     2 |    12 |     6 ||    20
       Throwing net      |       |     2 |       ||     2
 Cast: Pain              |    65 |   106 |   152 ||   323
       Animate Skeleton  |     1 |     8 |    11 ||    20
       Vampiric Draining |       |     6 |    15 ||    21
       Control Undead    |       |       |    11 ||    11
Invok: Sacrifice Durabil |       |       |     1 ||     1
  Use: Scroll            |       |     9 |     1 ||    10
       Potion            |       |       |     2 ||     2
 Stab: Sleeping          |     1 |     1 |     1 ||     3
       Distracted        |     1 |     3 |       ||     4
  Eat: Chunk             |     5 |     9 |     9 ||    23
       Beef jerky        |       |     1 |     1 ||     2
       Fruit             |       |       |     5 ||     5
       Meat ration       |       |       |     1 ||     1
       Pizza             |       |       |     1 ||     1
